 Dungeon Crawl Stone Soup version 0.19.0-19-g8c6edcc (webtiles) character file.

1647 vev the Agent of Entropy (level 9, 0/69 HPs)
             Began as a Formicid Abyssal Knight on Nov 14, 2016.
             Was a Priest of Lugonu.
             Killed by a spatial distortion (3 damage)
             ... on level 6 of the Dungeon.
             The game lasted 00:12:29 (6424 turns).

vev the Agent of Entropy (Formicid Abyssal Knight)  Turns: 6424, Time: 00:12:29

Health: 0/69       AC:  7    Str: 18    XL:     9   Next: 19%
Magic:  13/13      EV: 12    Int: 11    God:    Lugonu [***...]
Gold:   356        SH:  0    Dex: 13    Spells: 0 memorised, 8 levels left

rFire  . . .     SeeInvis +     a - +1 mace
rCold  . . .     Gourm    .     r - +0 scale mail
rNeg   . . .     Faith    .     (no shield)
rPois  +         Spirit   .     (helmet unavailable)
rElec  .         Reflect  .     (no cloak)
rCorr  .         Harm     +     (no gloves)
MR     .....                    (no boots)
Stlth  ..........               o - amulet of harm
                                (no ring)
                                d - ring of flight

@: no status effects
A: permanent stasis, dig shafts and tunnels, four strong arms, antennae 3,
poison resistance, regeneration 1, screaming 1, subdued magic 1
a: Dig, Shaft Self, Depart the Abyss, Bend Space, Banish, Renounce Religion,
Evoke Flight


You were on level 6 of the Dungeon.
You worshipped Lugonu.
Lugonu was most pleased with you.
You were not hungry.

You visited 1 branch of the dungeon, and saw 6 of its levels.
You visited the Abyss 1 time.

You collected 356 gold pieces.

Inventory:

Hand Weapons
 a - a +1 mace (weapon)
Armour
 b - a +0 leather armour
 r - a +0 scale mail (worn)
 s - a +0 ring mail
Jewellery
 d - a ring of flight (left hand)
 o - an amulet of harm (around neck)
Wands
 i - a wand of random effects (11/48)
Scrolls
 e - a scroll of immolation {unknown}
 f - 3 scrolls of remove curse
 h - 3 scrolls of recharging
 j - 2 scrolls of enchant weapon
 n - a scroll of noise
 p - 3 scrolls of fear
 q - 5 scrolls of identify
 u - 3 scrolls of random uselessness {unknown}
Potions
 g - a potion of heal wounds
 k - a potion of flight
 v - a potion of degeneration {unknown}
Books
 l - a book of Misfortune

   Spells                             Type                      Level
   a - Confusing Touch                Hexes                        1
   b - Confuse                        Hexes                        3
   c - Gell's Gravitas                Hexes/Translocation          3
   d - Petrify                        Transmutation/Earth          4
   e - Metabolic Englaciation         Hexes/Ice                    5
   f - Yara's Violent Unravelling     Hexes/Transmutation          5
Comestibles
 c - 4 bread rations
 m - a meat ration
 t - 2 chunks of flesh


   Skills:
 + Level 6.2 Fighting
 + Level 5.0 Maces & Flails
 + Level 6.0 Armour
 + Level 4.3 Dodging
 + Level 6.5 Invocations


You had 8 spell levels left.
You didn't know any spells.

Dungeon Overview and Level Annotations

Branches:
Dungeon (6/15)             Temple (0/1) D:5

Altars:
Gozag
Nemelex Xobeh
Trog
Vehumet

Annotations:
D:3 Grinder; vev's ghost, amateur HOAK
D:6 Edmund


Innate Abilities, Weirdness & Mutations

You are under a permanent stasis effect.
You can dig through walls and to a lower floor.
Your four strong arms can wield two-handed weapons with a shield.
You have a pair of large antennae on your head. (SInv)
Your system is resistant to poisons. (rPois)
Your natural rate of healing is unusually fast.
You occasionally shout uncontrollably at your foes.
Your spells are a little easier to cast, but a little less powerful.


Message History

You hit Edmund.
Edmund is almost dead.
Edmund hits you with a flail of crushing!
* * * LOW HITPOINT WARNING * * *
x2 You closely miss Edmund.
Edmund is almost dead.
You closely miss Edmund.
Edmund is almost dead.
Edmund hits you with a flail of crushing.
* * * LOW HITPOINT WARNING * * *
x2 You hit Edmund.
Edmund is almost dead.
Edmund misses you.
You closely miss Edmund.
Edmund is almost dead.
Edmund hits you with a flail of crushing.
* * * LOW HITPOINT WARNING * * *
x2 Space bends around you!
You blink.
You die...

#............###
###@........##
##ยง........##
###..........#
#............#
#............#
#............#
#.......!....#
#.....@.....#.
#############


You could see Edmund.

Vanquished Creatures
  The ghost of skk the Shield-Bearer, a novice DsFi (D:4)
  Menkaure (D:4)
  An ice beast (D:6)
  A phantom (D:5)
  A centaur (D:5)
  Blork the orc (D:4)
  2 bullfrogs
  A scorpion (D:6)
  2 howler monkeys
  3 crimson imps
  2 hounds (D:4)
  An orc priest (D:4)
  A bullfrog skeleton (D:6)
  2 centaur skeletons (D:4)
  An iguana (D:5)
  2 orc wizards (D:3)
  4 worker ants
  A hound zombie (D:4)
  A hound skeleton (D:4)
  3 adders
  5 gnolls
  A shadow imp (D:6)
  3 oozes
  2 worms
  3 dart slugs
  A leopard gecko (D:2)
  12 orcs
  3 ball pythons
  3 bats
  3 giant cockroaches
  6 goblins
  5 hobgoblins
  8 jackals (D:2)
  A quokka (D:4)
  3 frilled lizards
  6 kobolds
  A leopard gecko zombie (D:5)
  2 rats
100 creatures vanquished.

Notes
Turn   | Place    | Note
-------+----------+-------------------------------------------
     0 | Abyss:1  | vev the Formicid Abyssal Knight began the quest for the Orb.
     0 | Abyss:1  | Reached XP level 1. HP: 18/18 MP: 2/2
     4 | Abyss:1  | Found a corrupted altar of Lugonu.
    37 | Abyss:1  | Noticed a crimson imp
    70 | Abyss:1  | Noticed a large abomination
    88 | Abyss:1  | Noticed a large abomination
   130 | Abyss:1  | Killed a crimson imp
   130 | Abyss:1  | Reached skill level 1 in Dodging
   130 | Abyss:1  | Reached XP level 2. HP: 19/24 MP: 4/4
   130 | Abyss:1  | Reached XP level 3. HP: 23/29 MP: 5/5
   132 | D:1      | Escaped the Abyss
   282 | D:1      | Reached skill level 3 in Invocations
   502 | D:1      | Reached XP level 4. HP: 36/36 MP: 6/6
  1150 | D:2      | Found an opulent altar of Gozag.
  1161 | D:2      | Reached ** piety under Lugonu
  1161 | D:2      | Reached skill level 3 in Armour
  1498 | D:2      | Reached XP level 5. HP: 33/42 MP: 7/7
  2013 | D:2      | Found a sparkling altar of Nemelex Xobeh.
  2561 | D:3      | Noticed Grinder
  2561 | D:3      | Noticed vev's ghost (amateur HOAK)
  2663 | D:4      | Found a radiant altar of Vehumet.
  2667 | D:4      | Reached skill level 2 in Dodging
  2728 | D:4      | Reached skill level 4 in Fighting
  2728 | D:4      | Reached skill level 4 in Invocations
  2849 | D:4      | Noticed a bullfrog
  2859 | D:4      | Killed a bullfrog
  2859 | D:4      | Reached skill level 3 in Maces & Flails
  2859 | D:4      | Reached XP level 6. HP: 33/48 MP: 9/9
  3095 | D:4      | Noticed Blork the orc
  3108 | D:4      | HP: 3/48 [Blork the orc/magic dart (4)]
  3111 | D:4      | Killed Blork the orc
  3319 | D:4      | Reached skill level 4 in Armour
  3496 | D:4      | Reached XP level 7. HP: 42/55 MP: 10/10
  3497 | D:4      | Noticed skk's ghost (novice DsFi)
  3498 | D:4      | Gained mutation: Your system is resistant to poisons. (rPois) [potion of mutation]
  3498 | D:4      | Gained mutation: Your muscles are strong. (Str +2) [potion of mutation]
  3498 | D:4      | Lost mutation: Your muscles are strong. (Str +2) [potion of mutation]
  3499 | D:4      | Gained mutation: Your spells are a little easier to cast, but a little less powerful. [potion of mutation]
  3499 | D:4      | Gained mutation: Your natural rate of healing is unusually fast. [potion of mutation]
  3499 | D:4      | Gained mutation: You occasionally shout uncontrollably at your foes. [potion of mutation]
  3697 | D:5      | Entered Level 5 of the Dungeon
  3724 | D:5      | HP: 2/55 [centaur (6)]
  3878 | D:5      | Reached skill level 3 in Dodging
  4233 | D:4      | Reached skill level 5 in Invocations
  4261 | D:4      | Noticed Menkaure
  4421 | D:4      | Killed skk's ghost
  4421 | D:4      | Reached skill level 5 in Fighting
  4421 | D:4      | Reached skill level 4 in Maces & Flails
  4421 | D:4      | Reached skill level 5 in Armour
  4421 | D:4      | Reached XP level 8. HP: 34/62 MP: 1/12
  4633 | D:4      | Killed Menkaure
  5032 | D:3      | Reached *** piety under Lugonu
  5451 | D:5      | Found a staircase to the Ecumenical Temple.
  5567 | D:5      | Found a bloodstained altar of Trog.
  5584 | D:5      | Reached skill level 6 in Invocations
  5657 | D:5      | Reached skill level 4 in Dodging
  6143 | D:6      | Reached XP level 9. HP: 60/69 MP: 13/13
  6214 | D:6      | Reached skill level 6 in Fighting
  6241 | D:6      | Reached skill level 5 in Maces & Flails
  6249 | D:6      | Reached skill level 6 in Armour
  6347 | D:6      | Noticed Edmund
  6423 | D:6      | HP: 4/69 [Edmund/flail of crushing (6)]
  6424 | D:6      | Killed by a spatial distortion

Skill      XL: |  1  2  3  4  5  6  7  8  9 |
---------------+----------------------------+-----
Dodging        | 1 2 3 4 |  4.3
Invocations    | 3 4 5 6 |  6.5
Armour         | 3 4 5 6 |  6.0
Fighting       | 4 5 6 |  6.2
Maces & Flails | 3 4 5 |  5.0

Action                   |  1- 3 |  4- 6 |  7- 9 || total
-------------------------+-------+-------+-------++-------
Melee: Mace              |    53 |   198 |   348 ||   599
 Abil: Dig               |     1 |     1 |     5 ||     7
Evoke: Wand              |       |       |     2 ||     2
  Use: Scroll            |     1 |       |     4 ||     5
       Potion            |       |     1 |     7 ||     8
 Stab: Sleeping          |       |     2 |       ||     2
  Eat: Chunk             |       |     7 |    11 ||    18
       Beef jerky        |       |       |     1 ||     1
Armor: Leather armour    |    12 |    20 |       ||    32
       Ring mail         |       |    15 |       ||    15
       Scale mail        |       |    20 |   175 ||   195
Dodge: Dodged            |    44 |   139 |   241 ||   424
